 Dungeon Crawl Stone Soup version 0.29-a0-582-ge82337ba6a (webtiles) character file.

Game seed: 15751872909449951364

10507 frimble the Fighter (level 11, -11/89 HPs)
             Began as a Gnoll Wanderer on June 15, 2022.
             Was a High Priest of Cheibriados.
             Mangled by a boulder beetle (32 damage)
             ... on level 12 of the Dungeon.
             The game lasted 00:17:33 (11827 turns).

frimble the Fighter (Gnoll Wanderer)               Turns: 11827, Time: 00:17:34

Health: -11/89     AC: 20    Str: 23    XL:     11   Next: 63%
Magic:  21/23      EV: 15    Int: 39    God:    Cheibriados [*****.]
Gold:   1682       SH:  0    Dex: 19    Spells: 20/26 levels left

rFire   + . .      SeeInvis .   x - +5 battleaxe
rCold   . . .      Faith    .   (shield currently unavailable)
rNeg    . . .      Spirit   .   j - +4 ring mail "Coires" {rPois Regen+ Dex-3}
rPois   +          Reflect  .   s - +2 helmet {Int+3}
rElec   .          Harm     .   l - +2 cloak {rCorr}
rCorr   +          Rampage  .   (no gloves)
Will    .....                   i - +2 pair of boots
Stlth   +++.......              (no amulet)
HPRegen 1.04/turn               z - +6 ring of intelligence
MPRegen 0.18/turn               C - ring of protection from fire

@: studying Armour, very slow
A: fangs 1, strong nose, distributed training
a: Renounce Religion, Bend Time, Temporal Distortion, Slouch, Step From Time


You were on level 12 of the Dungeon.
You worshipped Cheibriados.
Cheibriados was extremely pleased with you.
You visited 2 branches of the dungeon, and saw 13 of its levels.
You also visited: Bailey.

You collected 1682 gold pieces.

Inventory:

Hand Weapons
 a - a +1 dagger of venom
 f - a +1 whip
 t - the +5 halberd "Pacewk" {vorpal, Str+3 Dex-5 SInv}
   (You found it on level 8 of the Dungeon)

   It inflicts extra damage upon your enemies.
   Str:       It affects your strength (+3).
   Dex:       It affects your dexterity (-5).
   SInv:      It lets you see invisible.
 x - a +5 battleaxe (weapon)
Missiles
 w - 3 throwing nets (quivered)
 y - 25 javelins
Armour
 i - a +2 pair of boots (worn)
 j - the +4 ring mail "Coires" (worn) {rPois Regen+ Dex-3}
   (You found it on level 2 of the Dungeon)

   Dex:       It affects your dexterity (-3).
   rPois:     It protects you from poison.
   Regen:     It increases your rate of health regeneration.
 l - a +2 cloak of preservation (worn)
 s - a +2 helmet of intelligence (worn)
Jewellery
 z - a +6 ring of intelligence (left hand)
 C - a ring of protection from fire (right hand)
 D - a ring of flight
 F - a ring of protection from cold
 H - a ring of see invisible
Wands
 v - a wand of iceblast (8)
 B - a wand of digging (12)
 I - a wand of acid (10)
 N - a wand of paralysis (5)
Scrolls
 b - 4 scrolls of teleportation
 c - 6 scrolls of identify
 e - 5 scrolls of enchant armour
 k - 4 scrolls of poison
 n - 6 scrolls of vulnerability
 K - a scroll of magic mapping
 L - a scroll of fog {unknown}
 M - a scroll of blinking {unknown}
 O - a scroll of fear {unknown}
 P - a scroll of silence {unknown}
Potions
 d - 2 potions of attraction
 g - 2 potions of resistance
 h - a potion of berserk rage
 m - 2 potions of might
 o - 3 potions of degeneration
 p - 3 potions of curing {unknown}
 q - a potion of cancellation {unknown}
 r - a potion of ambrosia {unknown}
 u - 2 potions of magic {unknown}
 A - a potion of flight {unknown}
 E - a potion of lignification {unknown}
 G - 2 potions of mutation {unknown}
 J - a potion of brilliance {unknown}


   Skills:
 + Level 9.3 Fighting
 + Level 6.5 Short Blades
 + Level 6.5 Long Blades
 + Level 6.5 Axes
 + Level 6.5 Maces & Flails
 + Level 6.5 Polearms
 + Level 6.5 Staves
 + Level 6.5 Slings
 + Level 6.5 Bows
 + Level 6.5 Crossbows
 + Level 6.5 Throwing
 + Level 7.6 Armour
 + Level 6.5 Dodging
 + Level 6.5 Stealth
 + Level 6.5 Shields
 + Level 6.5 Unarmed Combat
 + Level 8.3 Spellcasting
 + Level 5.3 Conjurations
 + Level 5.3 Hexes
 + Level 5.3 Summonings
 + Level 5.3 Necromancy
 + Level 5.3 Translocations
 + Level 5.3 Transmutations
 + Level 6.6 Fire Magic
 + Level 5.3 Ice Magic
 + Level 6.6 Air Magic
 + Level 5.3 Earth Magic
 + Level 5.3 Poison Magic
 + Level 7.1 Invocations
 + Level 7.0 Evocations


You had 20 spell levels left.
You knew the following spells:

 Your Spells              Type           Power      Damage    Failure   Level
a - Foxfire               Conj/Fire      100%       2x1d9     1%          1
b - Passwall              Tmut/Erth      45%        N/A       1%          2
c - Apportation           Tloc           100%       N/A       1%          1
d - Blink                 Tloc           100%       N/A       1%          2

Your spell library contained the following spells:

 Spells                   Type           Power      Damage    Failure   Level
 Necrotize                Necr           100%       1d9       1%          1
 Sandblast                Erth           100%       2d20      1%          1
 Shock                    Conj/Air       100%       1d9       1%          1
 Slow                     Hex            100%       N/A       1%          1
 Summon Small Mammal      Summ           100%       N/A       1%          1
 Static Discharge         Conj/Air       59%        N/A       1%          2
 Call Canine Familiar     Summ           55%        N/A       1%          3
 Confusing Touch          Hex            55%        N/A       1%          3
 Conjure Flame            Conj/Fire      59%        6-21      1%          3
 Dazzling Flash           Conj/Hex       100%       N/A       1%          3
 Ignite Poison            Fire/Tmut/Pois 57%        N/A       1%          3
 Lesser Beckoning         Tloc           55%        N/A       1%          3
 Mephitic Cloud           Conj/Pois/Air  57%        N/A       1%          3
 Stone Arrow              Conj/Erth      100%       3d13      1%          3
 Summon Guardian Golem    Hex/Summ       55%        N/A       1%          3
 Tukima's Dance           Hex            55%        N/A       1%          3
 Vampiric Draining        Necr           55%        2d9       1%          3
 Airstrike                Air            31%        N/A       1%          4
 Sticky Flame             Conj/Fire      59%        2d7       2%          4
 Summon Lightning Spire   Summ/Air       59%        N/A       2%          4
 Iskenderun's Mystic Bla  Conj/Tloc      55%        2d12      3%          4
 Passage of Golubria      Tloc           55%        N/A       3%          4
 Lightning Bolt           Conj/Air       29%        1d46      8%          5
 Silence                  Hex/Air        29%        N/A       8%          5
 Agony                    Necr           55%        N/A       10%         5
 Manifold Assault         Tloc           55%        N/A       10%         5
 Yara's Violent Unravell  Hex/Tmut       27%        3d12      10%         5
 Starburst                Conj/Fire      29%        6d9       38%         6


Dungeon Overview and Level Annotations

Branches:
Dungeon (12/15)            Temple (1/1) D:6            Lair (0/6) D:8
    Orc (0/2) D:9          Bailey (visited)

Altars:
Ashenzari
Cheibriados
Dithmenos
Elyvilon
Fedhas
Gozag
Hepliaklqana
Kikubaaqudgha
Makhleb
Nemelex Xobeh
Okawaru
Qazlal
Ru
Sif Muna
Trog
Uskayaw
Vehumet
Wu Jian
Xom
Yredelemnul
Zin
The Shining One

Portals:
Trove: D:10 (give +6 demon blade)

Annotations:
D:8 1 exclusion
D:11 exclusion: wolf spider


Innate Abilities, Weirdness & Mutations

You have very sharp teeth.
Your uncanny sense of smell can sniff out nearby items.
Your experience applies equally to all skills.


Message History

You hit the boulder beetle but do no damage.
You bite the boulder beetle, but do no damage.
The boulder beetle is moderately wounded.
The boulder beetle bites you.
You hit the boulder beetle but do no damage.
The boulder beetle is moderately wounded.
You slice the boulder beetle!!
The boulder beetle is severely wounded.
You hit the boulder beetle but do no damage.
The boulder beetle is severely wounded.
You slash the boulder beetle!
The boulder beetle is severely wounded.
The boulder beetle barely misses you. The boulder beetle bites you!!
The boulder beetle leaps!
Found 17 gold pieces.
Unknown command.
The boulder beetle leaps!
The boulder beetle curls into a ball and begins rolling!
The boulder beetle hits you!!
* * * LOW HITPOINT WARNING * * *
The boulder beetle stops rolling and uncurls.
Casting: Apportation (safe; 1% risk of failure)
Confirm with . or Enter, or press ? or * to list all spells.
You don't know that spell.
You slice the boulder beetle!!
You bite the boulder beetle, but do no damage.
The boulder beetle is almost dead.
The boulder beetle leaps!
The boulder beetle curls into a ball and begins rolling!
Casting: Apportation (safe; 1% risk of failure)
Confirm with . or Enter, or press ? or * to list all spells.
You don't know that spell.
Casting: Apportation (safe; 1% risk of failure)
Confirm with . or Enter, or press ? or * to list all spells.
Okay, then.
Unknown command.
Casting: Apportation (safe; 1% risk of failure)
Confirm with . or Enter, or press ? or * to list all spells.
You blink.
The boulder beetle hits you!!
You die...

#.... .# #....###.#
#........# #........#
#........+ #...$....# #.
#....# #. #.}@.#
#.###°B..# ##########
#....○...######.........
#......................#
#......................#
#....§..................
#..#####........#.......
#..# #........#.......
#..# #..[.....#...<...


You could see a boulder beetle (rolling).

Vanquished Creatures
  2 two-headed ogres
  Maurice (D:8)
  2 trolls
  Sigmund (D:6)
  4 wyverns
  Grum (D:9)
  A steam dragon (D:8)
  4 vampire mosquitoes (D:11)
  An acid dragon (D:11)
  12 orc warriors
  An ice beast (D:5)
  6 ogres
  12 centaurs
  A boggart (Bailey)
  5 wolves
  A phantom (D:5)
  7 kobold brigands
  3 bullfrogs
  3 necrophages
  3 gnoll sergeants
  2 scorpions
  8 wights
  16 killer bees
  An electric eel (D:8)
  4 howler monkeys
  11 hounds
  3 jellies
  4 orc priests
  5 iguanas
  6 orc wizards
  23 gnolls
  10 adders
  A shadow imp (D:6)
  A white imp (D:5)
  An ufetubus (D:5)
  A worm (D:2)
  4 dart slugs
  55 orcs
  4 endoplasms
  A giant cockroach (D:4)
  8 goblins
  4 hobgoblins
  2 jackals (D:1)
  2 quokkas
  11 ball pythons
  5 bats
  2 frilled lizards (D:1)
  14 kobolds
  A rat (D:2)
281 creatures vanquished.

Vanquished Creatures (others)
  235 foxfires
235 creatures vanquished.

Grand Total: 516 creatures vanquished

Notes
Turn   | Place    | Note
-------+----------+-------------------------------------------
     0 | D:1      | frimble the Gnoll Wanderer began the quest for the Orb.
     0 | D:1      | frimble set off with the following items: a +0 club, a
                  | scroll of teleportation, a +0 robe, a potion of attraction;
                  | and the following spells available to memorise: Foxfire,
                  | Shock, Static Discharge, Ignite Poison, Mephitic Cloud
     0 | D:1      | Reached XP level 1. HP: 23/23 MP: 6/6
   666 | D:1      | Reached XP level 2. HP: 25/29 MP: 7/7
   668 | D:1      | Learned a level 1 spell: Foxfire
   827 | D:1      | Found a faded altar of an unknown god.
  1363 | D:1      | Reached XP level 3. HP: 31/35 MP: 9/9
  1531 | D:2      | Identified the +4 ring mail "Coires" {rPois Regen+ Dex-3}
  1542 | D:2      | Reached skill level 5 in Spellcasting
  1596 | D:2      | Reached skill level 1 in Invocations
  1607 | D:2      | Reached skill level 1 in Short Blades
  1607 | D:2      | Reached skill level 1 in Long Blades
  1607 | D:2      | Reached skill level 1 in Axes
  1607 | D:2      | Reached skill level 1 in Maces & Flails
  1607 | D:2      | Reached skill level 1 in Polearms
  1607 | D:2      | Reached skill level 1 in Staves
  1607 | D:2      | Reached skill level 1 in Slings
  1607 | D:2      | Reached skill level 1 in Bows
  1607 | D:2      | Reached skill level 1 in Crossbows
  1607 | D:2      | Reached skill level 1 in Throwing
  1607 | D:2      | Reached skill level 1 in Armour
  1607 | D:2      | Reached skill level 1 in Dodging
  1607 | D:2      | Reached skill level 1 in Stealth
  1607 | D:2      | Reached skill level 1 in Shields
  1607 | D:2      | Reached skill level 1 in Unarmed Combat
  1614 | D:2      | Reached XP level 4. HP: 13/41 MP: 1/11
  1769 | D:2      | Learned a level 2 spell: Passwall
  1893 | D:2      | Reached skill level 1 in Conjurations
  1893 | D:2      | Reached skill level 1 in Hexes
  1893 | D:2      | Reached skill level 1 in Summonings
  1893 | D:2      | Reached skill level 1 in Necromancy
  1893 | D:2      | Reached skill level 1 in Translocations
  1893 | D:2      | Reached skill level 1 in Transmutations
  1893 | D:2      | Reached skill level 1 in Ice Magic
  1893 | D:2      | Reached skill level 1 in Earth Magic
  1893 | D:2      | Reached skill level 1 in Poison Magic
  1980 | D:2      | You fall into a shaft and drop 1 floor!
  2139 | D:3      | Reached XP level 5. HP: 40/47 MP: 6/12
  2502 | D:3      | Identified the +2 chain mail "Orim" {+Inv rElec Int-4
                  | Slay+2}
  2530 | D:3      | Found an opulent altar of Gozag.
  2941 | D:4      | Reached XP level 6. HP: 52/53 MP: 1/13
  3527 | D:4      | Reached XP level 7. HP: 59/59 MP: 15/15
  3608 | D:4      | Reached skill level 7 in Fighting
  4225 | D:5      | Entered Level 5 of the Dungeon
  4892 | D:5      | Reached XP level 8. HP: 67/67 MP: 9/16
  4965 | D:5      | Found a glowing golden altar of the Shining One.
  4965 | D:5      | Found a blossoming altar of Fedhas.
  5421 | D:6      | Noticed a wyvern
  5428 | D:6      | Killed a wyvern
  5456 | D:6      | Noticed Sigmund
  5461 | D:6      | Killed Sigmund
  5630 | D:6      | Found a staircase to the Ecumenical Temple.
  5689 | Temple   | Entered the Ecumenical Temple
  5801 | Temple   | Identified a scroll of acquirement
  5801 | Temple   | Acquired 932 gold pieces
  5933 | D:6      | Found a broken altar of Ashenzari.
  6513 | D:7      | Reached skill level 5 in Fire Magic
  6513 | D:7      | Reached skill level 5 in Air Magic
  6513 | D:7      | Reached XP level 9. HP: 36/73 MP: 18/18
  6818 | Temple   | Became a worshipper of Cheibriados the Contemplative
  7038 | D:6      | Reached skill level 5 in Evocations
  7178 | D:7      | Reached * piety under Cheibriados
  7644 | D:8      | Noticed Maurice
  7685 | D:8      | Killed Maurice
  7686 | D:8      | Reached skill level 8 in Fighting
  7686 | D:8      | Reached skill level 5 in Invocations
  7753 | D:8      | Found a staircase to the Lair.
  7827 | D:8      | Found a flagged portal.
  7848 | D:8      | Reached XP level 10. HP: 70/80 MP: 20/20
  7851 | D:8      | Identified the +5 halberd "Pacewk" {vorpal, Str+3 Dex-5
                  | SInv}
  7855 | Bailey   | Entered a bailey
  7888 | Bailey   | Reached ** piety under Cheibriados
  8094 | Bailey   | Reached skill level 5 in Short Blades
  8094 | Bailey   | Reached skill level 5 in Long Blades
  8094 | Bailey   | Reached skill level 5 in Axes
  8094 | Bailey   | Reached skill level 5 in Maces & Flails
  8094 | Bailey   | Reached skill level 5 in Polearms
  8094 | Bailey   | Reached skill level 5 in Staves
  8094 | Bailey   | Reached skill level 5 in Slings
  8094 | Bailey   | Reached skill level 5 in Bows
  8094 | Bailey   | Reached skill level 5 in Crossbows
  8094 | Bailey   | Reached skill level 5 in Throwing
  8094 | Bailey   | Reached skill level 5 in Armour
  8094 | Bailey   | Reached skill level 5 in Dodging
  8094 | Bailey   | Reached skill level 5 in Stealth
  8094 | Bailey   | Reached skill level 5 in Shields
  8094 | Bailey   | Reached skill level 5 in Unarmed Combat
  8299 | Bailey   | Learned a level 1 spell: Apportation
  8461 | Bailey   | Reached *** piety under Cheibriados
  9512 | D:9      | Noticed Grum
  9534 | D:9      | Killed Grum
  9543 | D:9      | Reached XP level 11. HP: 82/87 MP: 22/22
  9654 | D:9      | Found a staircase to the Orcish Mines.
  9665 | D:9      | Reached **** piety under Cheibriados
  9688 | D:9      | Reached skill level 9 in Fighting
  9711 | D:9      | Reached skill level 5 in Conjurations
  9711 | D:9      | Reached skill level 5 in Hexes
  9711 | D:9      | Reached skill level 5 in Summonings
  9711 | D:9      | Reached skill level 5 in Necromancy
  9711 | D:9      | Reached skill level 5 in Translocations
  9711 | D:9      | Reached skill level 5 in Transmutations
  9711 | D:9      | Reached skill level 5 in Ice Magic
  9711 | D:9      | Reached skill level 5 in Earth Magic
  9711 | D:9      | Reached skill level 5 in Poison Magic
  9845 | D:9      | Identified the +3 leather armour of an ossuary {Dex+4}
 10454 | D:10     | Entered Level 10 of the Dungeon
 10745 | D:10     | Found a portal to a secret trove of treasure.
 10829 | D:10     | Reached ***** piety under Cheibriados
 11081 | D:10     | Noticed a two-headed ogre
 11091 | D:10     | Killed a two-headed ogre
 11578 | D:11     | Noticed a two-headed ogre
 11588 | D:11     | Killed a two-headed ogre
 11744 | D:11     | Noticed a wolf spider
 11748 | D:11     | Learned a level 2 spell: Blink
 11805 | D:12     | Noticed a boulder beetle
 11827 | D:12     | Mangled by a boulder beetle

Illustrated notes

Levels and vault maps discovered:
D:1:      dpeg_arrival_lava_altar, layout_loops_cross,
          shapermc_ecumenical_altar_totnotflames
D:2:      layout_rooms, minmay_split_cup_small
D:3:      layout_loops_ring, mainiacjoe_overflow_surrounded_room,
          chequers_decorated_corner
D:4:      layout_loops_corners
D:5:      layout_loops_cross, jmf_multi_god_temple
D:6:      layout_basic, cheibrodos_ashenzari_chains, minmay_temple_entry_ruins,
          uniq_sigmund
D:7:      layout_cave_pools
D:8:      layout_rooms, erik_lair_island, enter_bailey_2, uniq_maurice
D:9:      layout_basic, kennysheep_orc_monster_closet_entryway,
          serial_bayou_pond_d, dreamdust_wishing_well, uniq_grum
D:10:     layout_basic, nicolae_trove_entry_free_sample
D:11:     minmay_inside_and_out, layout_cave_pools, uniq_amaemon, uniq_psyche,
          uniq_fannar
D:12:     kennysheep_scales, layout_stronghold, uniq_sonja
Temple:   dpeg_five_rooms_temple

Skill      XL: |  1  2  3  4  5  6  7  8  9 10 11 |
---------------+----------------------------------+-----
Spellcasting   | 5 6 7 8 |  8.3
Invocations    | 1 2 3 4 5 6 7 |  7.1
Short Blades   | 1 2 3 4 5 6 |  6.5
Long Blades    | 1 2 3 4 5 6 |  6.5
Axes           | 1 2 3 4 5 6 |  6.5
Maces & Flails | 1 2 3 4 5 6 |  6.5
Polearms       | 1 2 3 4 5 6 |  6.5
Staves         | 1 2 3 4 5 6 |  6.5
Slings         | 1 2 3 4 5 6 |  6.5
Bows           | 1 2 3 4 5 6 |  6.5
Crossbows      | 1 2 3 4 5 6 |  6.5
Throwing       | 1 2 3 4 5 6 |  6.5
Armour         | 1 2 3 4 6 7 |  7.6
Dodging        | 1 2 3 4 5 6 |  6.5
Stealth        | 1 2 3 4 5 6 |  6.5
Shields        | 1 2 3 4 5 6 |  6.5
Unarmed Combat | 1 2 3 4 5 6 |  6.5
Conjurations   | 1 2 3 4 5 |  5.3
Hexes          | 1 2 3 4 5 |  5.3
Summonings     | 1 2 3 4 5 |  5.3
Necromancy     | 1 2 3 4 5 |  5.3
Translocations | 1 2 3 4 5 |  5.3
Transmutations | 1 2 3 4 5 |  5.3
Ice Magic      | 1 2 3 4 5 |  5.3
Earth Magic    | 1 2 3 4 5 |  5.3
Poison Magic   | 1 2 3 4 5 |  5.3
Evocations     | 3 4 5 6 7 |  7.0
Fire Magic     | 4 5 6 |  6.6
Air Magic      | 4 5 6 |  6.6
Fighting       | 7 8 9 |  9.3

Action                   |  1- 3 |  4- 6 |  7- 9 | 10-12 || total
-------------------------+-------+-------+-------+-------++-------
Melee: Whip              |   101 |   322 |   304 |       ||   727
       Club              |     6 |       |       |       ||     6
       Bite              |    11 |    30 |    62 |    44 ||   147
       Punch             |       |     7 |    11 |       ||    18
       Dagger            |       |       |   299 |       ||   299
       Halberd           |       |       |       |   165 ||   165
       Battleaxe         |       |       |       |   311 ||   311
 Cast: Foxfire           |    16 |    37 |    77 |       ||   130
       Apportation       |       |       |       |     1 ||     1
       Blink             |       |       |       |     1 ||     1
Evoke: Wand              |       |       |       |     5 ||     5
  Use: Scroll            |       |       |    15 |       ||    15
       Potion            |       |       |     4 |       ||     4
 Stab: Sleeping          |     1 |       |     1 |     2 ||     4
       Distracted        |       |       |       |     1 ||     1
Armor: Robe              |    34 |       |       |       ||    34
       Ring mail         |     8 |   203 |   492 |   322 ||  1025
Dodge: Dodged            |   108 |   221 |   428 |   446 ||  1203

Table legend: (Time is in decaauts)
 A = Elapsed time spent in this place.
 B = Non-inter-level travel time spent in this place.
 C = Inter-level travel time spent in this place.
 D = Time resting spent in this place.
 E = Time spent auto-exploring this place.
 F = Levels seen in this place.
 G = Mean time per level.
                   A        B        C        D        E       F      G
               +--------+--------+--------+--------+--------+-----+--------+
         Total |  14283 |  13439 |    844 |     46 |  10209 |  14 | 1020.2 |
       Dungeon |  12520 |  11769 |    751 |     46 |   9032 |  12 | 1043.3 |
        Temple |    331 |    239 |     92 |      0 |    202 |   1 |  331.0 |
        Bailey |   1431 |   1431 |      0 |      0 |    974 |   1 | 1431.0 |
               +--------+--------+--------+--------+--------+-----+--------+

Top non-repeatable levels by time:
     D:9: 2089 daAuts
    D:10: 1843 daAuts
     D:1: 1535 daAuts
  Bailey: 1431 daAuts
     D:4: 1382 daAuts
     D:6: 1313 daAuts
     D:5: 1010 daAuts
     D:8: 811 daAuts
     D:7: 798 daAuts
     D:3: 768 daAuts
     D:2: 555 daAuts
  Temple: 331 daAuts
    D:11: 301 daAuts
    D:12: 109 daAuts
